details: 'UGH'

« prev index next »

General information

Mini Map

Players

team 1
Random» Orclisawisp (teal | 232 APM | 5298 actions | 22:48)
Hero icon 5 Blademaster
Ability icon 2 Wind Walk
Ability icon 3 Critical Strike
Hero icon 5 Shadow Hunter
Ability icon 2 Hex
Ability icon 3 Healing Wave

» actions
Assign group hotkey318
Basic commands610
Build / train66
ESC pressed1
Enter build submenu14
Enter hero's abilities submenu10
Give item / drop item15
Remove unit from queue2
Right click1203
Select / deselect601
Select group hotkey2334
Use ability124
5298 total
» units
Peon7
Grunt7
Wind Rider14
Raider4
32 total
» upgrades
Ensnare1
Envenomed Spears1
2 total
» buildings
Altar of Storms1
Orc Burrow6
Barracks2
Voodoo Lounge1
Stronghold4
Beastiary2
Great Hall2
Fortress1
19 total
» build order
00:04 Altar of Storms
00:13 Orc Burrow
00:34 Barracks
00:36 Barracks
01:25 Orc Burrow
01:57 Voodoo Lounge
02:45 Stronghold
02:45 Stronghold
02:46 Stronghold
04:56 Orc Burrow
05:07 Beastiary
05:08 Beastiary
08:58 Orc Burrow
15:36 Great Hall
16:43 Fortress
18:57 Great Hall
18:58 Orc Burrow
20:21 Orc Burrow
» items
Boots of Speed1
Healing Salve1
Lesser Clarity Potion2
Potion of Lesser Invulnerability1
Staff of Teleportation1
Dust of Appearance1
Potion of Mana1
Orb of Lightning1
Tiny Great Hall1
10 total
team 2
HumanMrFrosty (purple | 139 APM | 3175 actions | 22:48)
Hero icon 6 Mountain King
Ability icon 3 Storm Bolt
Ability icon 2 Bash
Ability icon 1 Avatar

» actions
Assign group hotkey42
Basic commands31
Build / train91
ESC pressed6
Enter build submenu27
Enter hero's abilities submenu7
Give item / drop item3
Right click1643
Select / deselect494
Select group hotkey698
Use ability133
3175 total
» units
Peasant18
Footman8
Rifleman4
Dragonhawk Rider11
Priest2
Spell Breaker3
Sorceress1
47 total
» upgrades
Defend2
Armor1
Magic Sentry1
4 total
» buildings
Altar of Kings1
Farm6
Barracks1
Scout Tower8
Arcane Tower2
Arcane Vault1
Lumber Mill1
Town Hall1
Guard Tower5
Blacksmith1
Keep1
Gryphon Aviary1
Arcane Sanctum4
33 total
» build order
00:04 Altar of Kings
00:18 Farm
00:26 Barracks
01:00 Farm
01:26 Farm
02:08 Scout Tower
02:58 Arcane Tower
03:54 Farm
04:53 Arcane Vault
05:16 Farm
05:19 Lumber Mill
06:31 Scout Tower
06:32 Scout Tower
06:33 Scout Tower
06:43 Scout Tower
07:15 Arcane Tower
07:19 Town Hall
07:26 Guard Tower
07:28 Guard Tower
07:35 Guard Tower
07:50 Blacksmith
08:02 Keep
08:17 Scout Tower
08:24 Scout Tower
08:55 Guard Tower
09:23 Scout Tower
09:43 Guard Tower
10:30 Gryphon Aviary
14:12 Farm
16:30 Arcane Sanctum
17:42 Arcane Sanctum
19:05 Arcane Sanctum
19:16 Arcane Sanctum
» items
Scroll of Regeneration7
Lesser Clarity Potion7
Boots of Speed1
Staff of Teleportation1
Potion of Lesser Invulnerability2
Scroll of Healing1
Scroll of Town Portal3
Potion of Invisibility1
Potion of Healing1
24 total